 Dungeon Crawl Stone Soup version 0.26-a0-638-gcca6ad1b57 (webtiles) character file.

Game seed: 15775556746381869652

292796 Peloso the Blocker (level 20, -8/128 HPs)
             Began as a Gnoll Fighter on Sept 13, 2020.
             Was the Champion of Okawaru.
             Shot with an arrow by a deep elf master archer (16 damage)
             ... on level 3 of the Elven Halls on Sept 14, 2020.
             The game lasted 03:01:42 (55671 turns).

Peloso the Blocker (Gnoll Fighter)                 Turns: 55671, Time: 03:01:43

Health: -8/128     AC: 49    Str: 37    XL:     20   Next: 81%
Magic:  46/46      EV: 19    Int:  5    God:    Okawaru [******]
Gold:   4119       SH: 18    Dex: 16    Spells: 46/46 levels left

rFire    . . .     SeeInvis +   a - +9 long sword of Invincibility {speed, rElec rC+ Str+2 Int-2}
rCold    + + +     Faith    +   c - +0 kite shield {reflect}
rNeg     . . .     Spirit   .   e - +8 crystal plate armour of Dogma {+Fly Str+3}
rPois    +         Reflect  +   S - +0 helmet of the Stone Wall {+Inv rPois rCorr}
rElec    +         Harm     .   x - scarf {shadows}
rCorr    +         Rampage  .   I - +1 pair of gloves {Str+3}
MR       +....                  Z - +0 pair of boots of Follow the Leader {rC+++ MP+9 Str+2 Int-3}
Stlth    ..........             v - amulet of faith
HPRegen  0.31/turn              w - ring of Existentialism {rElec rCorr SInv}
MPRegen  0.30/turn              K - ring of Robustness {AC+8}

@: heroism, slowed, very slow
A: distributed training, fangs 1, [blurry vision 1], [frail 2], strong nose
}: 2/15 runes: barnacled, gossamer
a: Heroism, Finesse, Renounce Religion, Evoke Invisibility, Evoke Flight


You were on level 3 of the Elven Halls.
You worshipped Okawaru.
Okawaru was exalted by your worship.
You visited 6 branches of the dungeon, and saw 34 of its levels.
You visited the Abyss 1 time.
You also visited: Trove, Sewer, Ice Cave and Volcano.

You collected 5494 gold pieces.
You spent 1375 gold pieces at shops.

Inventory:

Hand Weapons
 a - the +9 long sword of Invincibility (weapon) {speed, rElec rC+ Str+2 Int-2}
   (You found it on level 2 of the Lair of Beasts)

   Attacks with this weapon are significantly faster.
   It affects your strength (+2).
   It affects your intelligence (-2).
   It protects you from cold.
   It insulates you from electricity.
 b - a +6 long sword of flaming
 k - the +10 falchion "Humeg" {speed, *Corrode +Rage rF+ Str+2}
   (You found it in a treasure trove)

   Attacks with this weapon are significantly faster.
   It affects your strength (+2).
   It protects you from fire.
   It lets you go berserk.
   It may corrode you when you take damage.
 q - a +0 hand crossbow of freezing
Armour
 c - a +0 kite shield of reflection (worn)
 e - the +8 crystal plate armour of Dogma (worn) {+Fly Str+3}
   (Okawaru gifted it to you on level 2 of the Lair of Beasts)

   It affects your strength (+3).
   It lets you fly.
 x - a scarf of shadows (worn)
 I - a +1 pair of gloves of strength (worn)
 S - the +0 helmet of the Stone Wall (worn) {+Inv rPois rCorr}
   (Okawaru gifted it to you on level 4 of the Shoals)

   It protects you from poison.
   It lets you turn invisible.
   It provides partial protection from all sources of acid and corrosion.
 Z - the +0 pair of boots of Follow the Leader (worn) {rC+++ MP+9 Str+2 Int-3}
   (Okawaru gifted it to you on level 11 of the Dungeon)

   It affects your strength (+2).
   It affects your intelligence (-3).
   It renders you almost immune to cold.
   It affects your magic capacity (+9).
Jewellery
 p - a cursed -4 ring of protection
 v - an amulet of faith (around neck)
 w - the ring of Existentialism (left hand) {rElec rCorr SInv}
   (You acquired it on level 6 of the Lair of Beasts)

   [ring of resist corrosion]

   It insulates you from electricity.
   It lets you see invisible.
   It provides partial protection from all sources of acid and corrosion.
 K - the ring of Robustness (right hand) {AC+8}
   (You found it on level 2 of the Shoals)

   [ring of protection]

   It affects your AC (+8).
Wands
 H - a wand of digging (8)
Scrolls
 f - 5 scrolls of immolation
 g - 19 scrolls of remove curse
 i - 6 scrolls of identify
 j - 14 scrolls of teleportation
 l - a scroll of fear
 C - a scroll of acquirement
 Q - a scroll of magic mapping
 Y - 5 scrolls of noise
Potions
 d - 4 potions of might
 h - 13 potions of curing
 m - 6 potions of stabbing
 n - 2 potions of resistance
 o - 5 potions of haste
 r - a potion of heal wounds
 u - 5 potions of flight
 G - 3 potions of berserk rage
 T - 2 potions of mutation


   Skills:
 + Level 14.8(19.8) Fighting
 + Level 13.6(18.6) Short Blades
 + Level 14.2(19.2) Long Blades
 + Level 13.6(18.6) Axes
 + Level 13.6(18.6) Maces & Flails
 + Level 13.6(18.6) Polearms
 + Level 13.6(18.6) Staves
 + Level 13.6(18.6) Slings
 + Level 13.6(18.6) Bows
 + Level 13.6(18.6) Crossbows
 + Level 13.6(18.6) Throwing
 + Level 14.8(19.8) Armour
 + Level 13.6(18.6) Dodging
 + Level 13.6(18.6) Stealth
 + Level 14.8(19.8) Shields
 + Level 13.6(18.6) Unarmed Combat
 + Level 13.6 Spellcasting
 + Level 11.7 Conjurations
 + Level 11.7 Hexes
 + Level 11.7 Summonings
 + Level 11.7 Necromancy
 + Level 11.7 Translocations
 + Level 11.7 Transmutations
 + Level 11.7 Fire Magic
 + Level 11.7 Ice Magic
 + Level 11.7 Air Magic
 + Level 11.7 Earth Magic
 + Level 11.7 Poison Magic
 + Level 14.6 Invocations
 + Level 13.6 Evocations


You had 46 spell levels left.
You didn't know any spells.
Your spell library contained the following spells:

 Spells                   Type           Power        Failure   Level
 Freeze                   Ice            #...         1%          1
 Sandblast                Erth           #.....       1%          1
 Passwall                 Tmut/Erth      #.......     1%          2
 Frozen Ramparts          Ice            #.....       2%          3
 Ozocubu's Armour         Ice            #.......     2%          3
 Stone Arrow              Conj/Erth      #.....       2%          3
 Hailstorm                Conj/Ice       #.......     8%          4
 Ice Form                 Ice/Tmut       #.......     8%          4
 Petrify                  Tmut/Erth      #.......     8%          4
 Summon Ice Beast         Ice/Summ       #.......     8%          4
 Lee's Rapid Deconstruct  Erth           #.........   21%         5
 Metabolic Englaciation   Hex/Ice        #.........   21%         5
 Freezing Cloud           Conj/Ice/Air   #.........   75%         6
 Ozocubu's Refrigeration  Ice            #.........   75%         6
 Simulacrum               Ice/Necr       #.........   75%         6


Dungeon Overview and Level Annotations

Branches:
Dungeon (15/15)            Temple (0/1) D:7            Lair (6/6) D:8
 Shoals (4/4) Lair:4       Spider (4/4) Lair:3        Slime (0/5) Lair:6
    Orc (2/2) D:11            Elf (3/3) Orc:2        Vaults (0/5) D:13
 Depths (0/5) D:15          Sewer (visited)           IceCv (visited)
Volcano (visited)

Altars:
Dithmenos
Elyvilon
Kikubaaqudgha
Nemelex Xobeh
Okawaru
Qazlal
Ru
Sif Muna
Trog
Uskayaw
Vehumet
Xom
Yredelemnul
Zin
Beogh

Shops:
D:9 *   Orc:1 (   Orc:2 (([*   Elf:2 }   Elf:3 [   Shoals:1 =   Shoals:3 *

Annotations:
D:10 tesori nascosti
Elf:2 5 runed translucent doors


Innate Abilities, Weirdness & Mutations

Your experience applies equally to all skills.
You have very sharp teeth.
Your uncanny sense of smell can sniff out nearby items.
[Scrolls take you a little longer to read.]
[You are very frail. (-20% HP)]


Message History

You kill the deep elf sorcerer!
Okawaru accepts your kill.
You feel the corruption within you wane somewhat.
You feel a little more calm.
You feel stable.
Your urge to shout disappears.
The red devil misses you.
The lorocyproca hits you but does no damage.
The deep elf blademaster hits you but does no damage. x2
Blink to where?
Press: ? - help, Dir - move target cursor, f - you Are you sure you want to cancel this blink?
Press: ? - help, Dir - move target cursor
As you read the scroll of blinking, it crumbles to dust.
Found a helmet and 17 stones.
A deep elf master archer comes into view.
Really read with blurry vision while enemies are nearby?
The deep elf master archer shouts!
The deep elf master archer wields a +3 longbow.
The deep elf master archer shoots an arrow.
The arrow hits you!
You die...

+***#########'# ****
,,,,.....2ee(.### ***,,*
,,,,......e4....###*##.,,,*
,,,,.....e.123....##...⌠,**
,,,,....eee34..........,,*
,,⌠,.......1...........,**
,,,,.....*.............,*
e#,,......###..........**
E§####..####....@......**
e.§.##**.#e....[.......,*
...§..##...............,**
.......................^,*
....e...e.....(...##...,,**
,,,,,#(.#,......###*##.,,,*
,,,,*#e.#*..^.##*,,,,***,,*
*****#..#******,,,,,,,,**+*
####.e# *,,,,,,,,,,,*


You could see a Hell Sentinel (summoned), an Ice Fiend (summoned), a deep elf
master archer, a green death (summoned), a deep elf elementalist (fast,
empowered, repels missiles), a sun demon (summoned), a deep elf demonologist
(empowered), a sixfirhy (summoned), a chaos spawn (summoned) and a red devil
(summoned).

Vanquished Creatures
  Nikola (Spider:4)
  The ghost of Roifouro the Unseen, a veteran KoGl of Jiyva (D:14)
  Arachne (Spider:3)
  A lich (Abyss:2)
  A deep elf master archer (Elf:3)
  The ghost of Veteran the Severer, an adept DDFi of Makhleb (Shoals:2)
  A kraken (Shoals:2)
  2 tentacled starspawn
  Agnes (Spider:3)
  Ilsuiw (Shoals:2)
  3 ghost moths (Spider:4)
  4 emperor scorpions
  5 deep elf sorcerers
  5 deep elf elementalists
  An orc warlord (Orc:1)
  Aizul (Shoals:3)
  2 entropy weavers (Spider:1)
  A deep elf demonologist (Elf:3)
  A starcursed mass (Abyss:3)
  6 deep elf annihilators
  Azrael (D:14)
  A spectral titan (D:14)
  2 spark wasps (Spider:4)
  2 deep elf death magi (Elf:3)
  An ettin (D:15)
  3 merfolk javelineers
  9 merfolk impalers
  A deep elf high priest (Elf:3)
  A quicksilver dragon skeleton (Abyss:3)
  7 hydras
  8 vault guards (D:13)
  4 merfolk avatars
  2 catoblepae (Lair:6)
  6 two-headed ogres
  3 merfolk aquamancers
  The ghost of Fudan the Unseen, a journeyman OpFi of Gozag (Lair:2)
  5 centaur warriors
  A tengu warrior (D:15)
  A spectral frost giant (D:14)
  18 dancing weapons
  A deep troll shaman (Lair:6)
  13 death yaks
  2 satyrs
  A queen ant (Spider:1)
  An orc high priest (Elf:1)
  6 thrashing horrors (Abyss:3)
  A wretched star (Abyss:3)
  A fire crab (Volcano)
  11 deep elf knights
  5 skeletal warriors
  A spectral spark wasp (D:14)
  11 sea snakes
  11 deep elf archers
  A wolf spider zombie (D:13)
  6 oklob plants
  21 orb spiders
  A necromancer (D:9)
  15 ugly things
  2 lindwurms
  2 orc knights (Orc:2)
  51 deep elf magi
  29 wolf spiders
  4 orc sorcerers (Orc:2)
  32 harpies
  11 manticores
  19 fauns
  11 merfolk sirens
  A fire giant zombie (D:14)
  4 cyclopes
  2 slime creatures (D:13)
  2 ice statues (IceCv)
  17 elephants
  A moth of wrath (Spider:2)
  2 rust devils
  5 large abominations
  2 centaur zombies
  Psyche (D:9)
  5 black mambas
  A molten gargoyle (Volcano)
  A gargoyle (D:14)
  2 water nymphs
  19 cane toads
  2 smoke demons (Abyss:3)
  2 spriggan zombies (D:14)
  10 komodo dragons
  22 demonic crawlers
  A freezing wraith (Abyss:3)
  3 ancient zymes
  18 merfolk
  A spectral tengu (D:14)
  A queen bee (shapeshifter) (D:15)
  A tengu conjurer (D:15)
  5 trolls
  A polar bear (shapeshifter) (D:13)
  35 jumping spiders
  Grinder (D:5)
  A polar bear (Lair:2)
  9 hornets
  9 wind drakes
  4 raiju (Abyss:3)
  13 snapping turtles
  6 dream sheep
  16 blink frogs
  10 hippogriffs
  4 flying skulls (D:9)
  32 tarantellas
  4 wraiths
  9 water elementals
  2 air elementals (Elf:3)
  3 small abominations
  8 shadows
  42 yaks
  56 redbacks
  2 wyverns
  5 fire elementals
  9 fire bats (Volcano)
  2 steam dragons (Volcano)
  9 basilisks
  A neqoxec (Abyss:2)
  2 chaos spawn (Abyss:3)
  4 vampire mosquitoes (D:15)
  2 two-headed ogre zombies (D:11)
  19 soldier ants
  14 porcupines
  3 wargs
  Duvessa (D:5)
  7 hell hounds
  16 water moccasins
  2 black bears
  A hornet zombie (D:10)
  48 orc warriors
  3 sky beasts
  An eye of draining (D:10)
  An ice dragon simulacrum (D:14)
  12 ogres
  11 ice beasts
  10 wolves
  25 centaurs
  13 crocodiles
  4 big kobolds (Sewer)
  23 bullfrogs
  5 earth elementals
  A human simulacrum (D:14)
  A water moccasin zombie (D:10)
  A wyvern skeleton (D:7)
  Dowan (D:5)
  4 scorpions
  A tengu zombie (D:14)
  4 troll zombies (D:11)
  20 wights
  7 electric eels
  6 howler monkeys (D:9)
  2 bullfrog zombies (D:9)
  8 lava snakes (Volcano)
  3 quasits
  6 hounds
  4 jellies
  26 orc wizards
  17 orc priests
  6 bullfrog skeletons
  5 centaur skeletons
  An iron imp (Abyss:3)
  4 iguanas
  27 worker ants
  2 ogre zombies (D:11)
  4 hound skeletons
  A howler monkey zombie (D:9)
  2 worker ant zombies (D:9)
  12 adders
  4 gnolls (D:3)
  3 white imps
  2 ufetubi (Abyss:3)
  5 oozes
  3 adder skeletons
  3 adder zombies
  6 worms
  10 leopard geckos
  95 orcs
  7 giant cockroaches
  10 hobgoblins
  11 jackals
  4 quokkas
  2 ball pythons (Sewer)
  9 bats
  5 frilled lizards
  4 goblins
  A goblin skeleton (D:11)
  3 goblin zombies (D:11)
  A hobgoblin skeleton (D:11)
  5 hobgoblin zombies (D:11)
  18 kobolds
  A leopard gecko zombie (D:9)
  4 orc skeletons (D:11)
  11 orc zombies (D:11)
  A quokka skeleton (D:9)
  A quokka zombie (D:8)
  10 rats
  2 tentacles (Shoals:2)
1455 creatures vanquished.

Vanquished Creatures (others)
  A deep elf knight (Elf:3)
  An orb spider (Spider:4)
  A faun (Shoals:3)
  A manticore (Shoals:2)
  A merfolk (Shoals:4)
  A tarantella (Spider:4)
  A small abomination (Abyss:3)
  An orc (Orc:2)
  57 fungi
  100 plants
  4 starspawn tentacles
  5 tentacles (Shoals:2)
  3 withered plants (D:15)
177 creatures vanquished.

Grand Total: 1632 creatures vanquished

Notes
Turn   | Place    | Note
-------+----------+-------------------------------------------
     0 | D:1      | Peloso the Gnoll Fighter began the quest for the Orb.
     0 | D:1      | Reached XP level 1. HP: 23/23 MP: 1/1
    40 | D:1      | Reached XP level 2. HP: 29/29 MP: 2/2
   301 | D:1      | You fall into a shaft and drop 1 floor!
   331 | D:2      | Reached XP level 3. HP: 20/35 MP: 3/3
   930 | D:2      | Reached skill level 1 in Invocations
  1142 | D:2      | Reached skill level 1 in Short Blades
  1142 | D:2      | Reached skill level 1 in Axes
  1142 | D:2      | Reached skill level 1 in Maces & Flails
  1142 | D:2      | Reached skill level 1 in Polearms
  1142 | D:2      | Reached skill level 1 in Staves
  1142 | D:2      | Reached skill level 1 in Slings
  1142 | D:2      | Reached skill level 1 in Bows
  1142 | D:2      | Reached skill level 1 in Crossbows
  1142 | D:2      | Reached skill level 1 in Throwing
  1142 | D:2      | Reached skill level 1 in Dodging
  1142 | D:2      | Reached skill level 1 in Stealth
  1142 | D:2      | Reached skill level 1 in Unarmed Combat
  1142 | D:2      | Reached skill level 1 in Spellcasting
  1142 | D:2      | Reached skill level 1 in Evocations
  1227 | D:2      | Found a sparkling altar of Nemelex Xobeh.
  1289 | D:2      | Reached XP level 4. HP: 41/41 MP: 5/5
  1424 | D:3      | Found a glowing drain.
  1487 | Sewer    | Entered a sewer
  1502 | Sewer    | Noticed a big kobold
  1502 | Sewer    | Noticed a big kobold
  1502 | Sewer    | Noticed a big kobold
  1518 | Sewer    | Killed a big kobold
  1518 | Sewer    | Reached skill level 1 in Conjurations
  1518 | Sewer    | Reached skill level 1 in Hexes
  1518 | Sewer    | Reached skill level 1 in Summonings
  1518 | Sewer    | Reached skill level 1 in Necromancy
  1518 | Sewer    | Reached skill level 1 in Translocations
  1518 | Sewer    | Reached skill level 1 in Transmutations
  1518 | Sewer    | Reached skill level 1 in Fire Magic
  1518 | Sewer    | Reached skill level 1 in Ice Magic
  1518 | Sewer    | Reached skill level 1 in Air Magic
  1518 | Sewer    | Reached skill level 1 in Earth Magic
  1518 | Sewer    | Reached skill level 1 in Poison Magic
  1518 | Sewer    | Reached XP level 5. HP: 32/47 MP: 5/7
  1521 | Sewer    | Killed a big kobold
  1531 | Sewer    | Killed a big kobold
  1531 | Sewer    | Reached XP level 6. HP: 32/53 MP: 6/8
  1597 | Sewer    | Reached skill level 5 in Long Blades
  2078 | D:3      | Reached XP level 7. HP: 45/60 MP: 10/10
  2346 | D:3      | Noticed a +0 hand axe
  2347 | D:3      | Found a hide-covered altar of Uskayaw.
  2347 | D:3      | Noticed a +0 hand axe
  2414 | D:3      | Found a bloodstained altar of Trog.
  2642 | D:4      | Found an ancient bone altar of Kikubaaqudgha.
  2665 | D:4      | Found a radiant altar of Vehumet.
  2841 | D:4      | Found a shimmering altar of Xom.
  3037 | D:4      | Found a basalt altar of Yredelemnul.
  3087 | D:4      | Reached XP level 8. HP: 67/67 MP: 12/12
  3123 | D:4      | Found an iron altar of Okawaru.
  3135 | D:4      | Became a worshipper of Warmaster Okawaru
  3412 | D:5      | Entered Level 5 of the Dungeon
  3450 | D:5      | Noticed Grinder
  3459 | D:5      | Noticed Duvessa
  3504 | D:5      | Noticed Dowan
  3510 | D:5      | Killed Grinder
  3510 | D:5      | Reached * piety under Okawaru
  3515 | D:5      | Killed Dowan
  3525 | D:5      | Killed Duvessa
  3716 | D:5      | Found a white marble altar of Elyvilon.
  3755 | D:5      | Found a shadowy altar of Dithmenos.
  4389 | D:6      | Reached ** piety under Okawaru
  4389 | D:6      | Reached XP level 9. HP: 67/73 MP: 14/14
  5469 | D:7      | Found a staircase to the Ecumenical Temple.
  5677 | D:7      | Found an ancient bone altar of Kikubaaqudgha.
  5756 | D:7      | Found a sacrificial altar of Ru.
  5771 | D:7      | Reached *** piety under Okawaru
  5771 | D:7      | Reached skill level 5 in Invocations
  5804 | D:7      | Reached XP level 10. HP: 71/80 MP: 17/17
  6356 | D:7      | Reached skill level 5 in Short Blades
  6356 | D:7      | Reached skill level 5 in Axes
  6356 | D:7      | Reached skill level 5 in Maces & Flails
  6356 | D:7      | Reached skill level 5 in Polearms
  6356 | D:7      | Reached skill level 5 in Staves
  6356 | D:7      | Reached skill level 5 in Slings
  6356 | D:7      | Reached skill level 5 in Bows
  6356 | D:7      | Reached skill level 5 in Crossbows
  6356 | D:7      | Reached skill level 5 in Throwing
  6356 | D:7      | Reached skill level 5 in Dodging
  6356 | D:7      | Reached skill level 5 in Stealth
  6356 | D:7      | Reached skill level 5 in Unarmed Combat
  6356 | D:7      | Reached skill level 5 in Spellcasting
  6356 | D:7      | Reached skill level 5 in Evocations
  6585 | D:7      | Reached **** piety under Okawaru
  6945 | D:8      | Received a gift from Okawaru
  6964 | D:7      | Noticed a rust devil
  6964 | D:7      | Noticed a rust devil
  7250 | D:8      | Found a shimmering blue altar of Sif Muna.
  7388 | D:8      | Killed a rust devil
  7776 | D:8      | Found a staircase to the Lair.
  8080 | D:8      | Found a glowing silver altar of Zin.
  8593 | D:7      | Killed a rust devil
  8593 | D:7      | Reached ***** piety under Okawaru
  8703 | D:9      | Noticed Psyche
  8706 | D:9      | Noticed a two-headed ogre
  8715 | D:9      | Killed Psyche
  8722 | D:9      | Killed a two-headed ogre
  8722 | D:9      | Reached XP level 11. HP: 35/87 MP: 17/19
  9129 | D:9      | Reached skill level 5 in Conjurations
  9129 | D:9      | Reached skill level 5 in Hexes
  9129 | D:9      | Reached skill level 5 in Summonings
  9129 | D:9      | Reached skill level 5 in Necromancy
  9129 | D:9      | Reached skill level 5 in Translocations
  9129 | D:9      | Reached skill level 5 in Transmutations
  9129 | D:9      | Reached skill level 5 in Fire Magic
  9129 | D:9      | Reached skill level 5 in Ice Magic
  9129 | D:9      | Reached skill level 5 in Air Magic
  9129 | D:9      | Reached skill level 5 in Earth Magic
  9129 | D:9      | Reached skill level 5 in Poison Magic
  9132 | D:9      | Noticed a skeletal warrior
  9168 | D:9      | Killed a skeletal warrior
  9433 | D:9      | Noticed a necromancer
  9452 | D:9      | Killed a necromancer
  9452 | D:9      | Received a gift from Okawaru
  9455 | D:9      | Got a crude plate armour {god gift}
  9469 | D:9      | Identified the +0 plate armour of the Dragon {Slay+3}
                  | (Okawaru gifted it to you on level 9 of the Dungeon)
  9745 | D:9      | Found Xuuptaem's Assorted Antiques.
  9755 | D:9      | Bought 2 scrolls of identify for 100 gold pieces
 10895 | D:10     | Entered Level 10 of the Dungeon
 11325 | D:10     | Noticed a two-headed ogre
 11336 | D:10     | Killed a two-headed ogre
 11336 | D:10     | Received a gift from Okawaru
 11336 | D:10     | Reached XP level 12. HP: 56/96 MP: 22/22
 12262 | D:11     | Found a staircase to the Orcish Mines.
 12629 | D:11     | Received a gift from Okawaru
 12752 | D:11     | Got a pair of dazzling boots {god gift}
 12762 | D:11     | Identified the +0 pair of boots of Follow the Leader {rC+++
                  | MP+9 Str+2 Int-3} (Okawaru gifted it to you on level 11 of
                  | the Dungeon)
 12985 | D:11     | Noticed a seven-headed hydra
 13076 | Lair:1   | Entered Level 1 of the Lair of Beasts
 13232 | Lair:1   | Found a frozen archway.
 13241 | IceCv    | Entered an ice cave
 13260 | IceCv    | Reached ****** piety under Okawaru
 13280 | IceCv    | Found a transporter.
 13286 | IceCv    | Got a faintly glowing diamond amulet
 13297 | IceCv    | Identified the amulet "Nadunex" {Inacc rC+ Dex+5} (You
                  | found it in an ice cave)
 13366 | IceCv    | Reached skill level 10 in Fighting
 13366 | IceCv    | Reached skill level 10 in Armour
 13366 | IceCv    | Reached skill level 10 in Shields
 13373 | IceCv    | Found a transporter.
 13426 | IceCv    | Got a scorched war axe
 13439 | IceCv    | Identified the +2 war axe of the Little People {speed,
                  | *Drain Dex+5 Stlth+} (You found it in an ice cave)
 14456 | Lair:2   | Received a gift from Okawaru
 14497 | Lair:2   | Got an ancient crystal plate armour {god gift}
 14508 | Lair:2   | Identified the +8 crystal plate armour of Dogma {+Fly
                  | Str+3} (Okawaru gifted it to you on level 2 of the Lair of
                  | Beasts)
 14574 | Lair:2   | Found a runed translucent door.
 14574 | Lair:2   | Noticed Fudan's ghost (journeyman OpFi)
 14634 | Lair:2   | Reached XP level 13. HP: 103/103 MP: 24/24
 14825 | Lair:2   | Got a translucent long sword
 14826 | Lair:2   | Identified the +9 long sword of Invincibility {speed, rElec
                  | rC+ Str+2 Int-2} (You found it on level 2 of the Lair of
                  | Beasts)
 15691 | Lair:3   | Found a hole to the Spider Nest.
 15807 | Lair:3   | Found a dark tunnel.
 15816 | Volcano  | Entered a volcano
 16206 | Volcano  | Found a bloodstained altar of Trog.
 16420 | Volcano  | Received a gift from Okawaru
 18423 | Lair:4   | Found a staircase to the Shoals.
 18856 | D:11     | Received a gift from Okawaru
 18988 | D:11     | Reached XP level 14. HP: 111/111 MP: 26/26
 19049 | D:11     | Reached skill level 10 in Long Blades
 19063 | D:11     | Received a gift from Okawaru
 19511 | Orc:1    | Entered Level 1 of the Orcish Mines
 19511 | Orc:1    | Found Dautil's Antique Weapon Shoppe.
 19686 | Orc:2    | Entered Level 2 of the Orcish Mines
 19688 | Orc:2    | Found a staircase to the Elven Halls.
 19846 | Orc:2    | Found a roughly hewn altar of Beogh.
 19847 | Orc:2    | Found Qaenlen's Antique Weapon Boutique.
 19868 | Orc:2    | Paralysed by an orc sorcerer for 6 turns
 20446 | Orc:2    | Found a roughly hewn altar of Beogh.
 20522 | Orc:2    | Noticed an orc warlord
 20845 | Orc:1    | Killed an orc warlord
 20845 | Orc:1    | Reached skill level 10 in Invocations
 21118 | Orc:2    | Paralysed by an orc sorcerer for 2 turns
 21230 | Orc:2    | Found a roughly hewn altar of Beogh.
 21282 | Orc:2    | Found Vegiyk's Antique Weapon Shop.
 21285 | Orc:2    | Found a roughly hewn altar of Beogh.
 21293 | Orc:2    | Found Weatyc's Antique Armour Boutique.
 21306 | Orc:2    | Bought a spiked plate armour for 504 gold pieces
 21318 | Orc:2    | Identified the cursed +1 plate armour of Qakliy {-Tele
                  | rElec rF+++ Int+8} (You bought it in a shop on level 2 of
                  | the Orcish Mines)
 21321 | Orc:2    | Bought a spiked chain mail for 171 gold pieces
 21334 | Orc:2    | Identified the +6 chain mail of Infinity {Regen+} (You
                  | bought it in a shop on level 2 of the Orcish Mines)
 21402 | Orc:2    | Found a roughly hewn altar of Beogh.
 21432 | Orc:2    | Found Foozxog's General Store.
 21566 | Orc:2    | Bought a potion of flight for 48 gold pieces
 21566 | Orc:2    | Bought a potion of mutation for 128 gold pieces
 21566 | Orc:2    | Bought a scroll of identify for 32 gold pieces
 21567 | Orc:2    | Bought a scroll of identify for 32 gold pieces
 21653 | Orc:2    | Found a roughly hewn altar of Beogh.
 21793 | Orc:2    | Found a roughly hewn altar of Beogh.
 22030 | Orc:1    | Found a bloodstained altar of Trog.
 22382 | D:12     | Received a gift from Okawaru
 22518 | D:12     | Found a stormy altar of Qazlal.
 22564 | D:12     | Received a gift from Okawaru
 23795 | D:13     | Found a gate to the Vaults.
 23944 | D:13     | Reached XP level 15. HP: 94/119 MP: 28/28
 24729 | D:14     | Received a gift from Okawaru
 25150 | D:14     | Reached skill level 10 in Short Blades
 25150 | D:14     | Reached skill level 10 in Axes
 25150 | D:14     | Reached skill level 10 in Maces & Flails
 25150 | D:14     | Reached skill level 10 in Polearms
 25150 | D:14     | Reached skill level 10 in Staves
 25150 | D:14     | Reached skill level 10 in Slings
 25150 | D:14     | Reached skill level 10 in Bows
 25150 | D:14     | Reached skill level 10 in Crossbows
 25150 | D:14     | Reached skill level 10 in Throwing
 25150 | D:14     | Reached skill level 10 in Dodging
 25150 | D:14     | Reached skill level 10 in Stealth
 25150 | D:14     | Reached skill level 10 in Unarmed Combat
 25150 | D:14     | Reached skill level 10 in Spellcasting
 25150 | D:14     | Reached skill level 10 in Evocations
 25418 | D:14     | Found a runed translucent gate.
 25418 | D:14     | Found a runed translucent gate.
 25419 | D:14     | Found a runed translucent gate.
 25425 | D:14     | Noticed Roifouro's ghost (veteran KoGl)
 25660 | D:15     | Entered Level 15 of the Dungeon
 25660 | D:15     | Found a basalt altar of Yredelemnul.
 25668 | D:15     | Noticed Azrael
 25787 | D:14     | Killed Azrael
 26394 | D:15     | Received a gift from Okawaru
 26795 | D:15     | Found a staircase to the Depths.
 28518 | Lair:6   | Entered Level 6 of the Lair of Beasts
 28740 | Lair:6   | Received a gift from Okawaru
 28747 | Lair:6   | Found a staircase to the Slime Pits.
 28834 | Lair:6   | Reached XP level 16. HP: 118/127 MP: 30/30
 28950 | Lair:6   | Received a gift from Okawaru
 29068 | Lair:6   | Got a smouldering broad axe {god gift}
 29649 | Lair:6   | Received a gift from Okawaru
 29821 | Lair:6   | Received a gift from Okawaru
 29859 | Lair:6   | Received a gift from Okawaru
 30414 | Lair:6   | Got a jewelled war axe
 30508 | Lair:6   | Received a gift from Okawaru
 30534 | Lair:6   | Identified 2 scrolls of acquirement
 30959 | Lair:2   | Killed Fudan's ghost
 31688 | Lair:1   | Identified the +8 war axe of Invincibility {flame, *Rage
                  | rPois Int+3 SInv} (You found it on level 6 of the Lair of
                  | Beasts)
 31691 | Lair:1   | Identified the +1 broad axe of Magnificence {vorpal, rElec
                  | Int+2} (Okawaru gifted it to you on level 6 of the Lair of
                  | Beasts)
 31854 | Spider:1 | Entered Level 1 of the Spider Nest
 31872 | Spider:1 | Received a gift from Okawaru
 31960 | Spider:1 | Received a gift from Okawaru
 31984 | Spider:1 | Got a dazzling plate armour {god gift}
 31995 | Spider:1 | Identified the +10 plate armour of Wieqaob {Harm rC+ MR+}
                  | (Okawaru gifted it to you on level 1 of the Spider Nest)
 32722 | Spider:1 | Acquired the ring of Existentialism {rElec rCorr SInv}
 32724 | Spider:1 | Acquired 780 gold pieces
 33436 | Spider:2 | Received a gift from Okawaru
 33490 | Spider:1 | Received a gift from Okawaru
 33658 | Spider:2 | Reached XP level 17. HP: 96/135 MP: 32/32
 33941 | Spider:2 | Received a gift from Okawaru
 33979 | Spider:2 | Acquired 780 gold pieces
 35689 | Spider:4 | Entered Level 4 of the Spider Nest
 36244 | Spider:3 | Received a gift from Okawaru
 36257 | Spider:3 | Got jewelled swamp dragon scales {god gift}
 36270 | Spider:3 | Identified the +3 swamp dragon scales of Inference {+Fly
                  | rPois MR+ rCorr} (Okawaru gifted it to you on level 3 of
                  | the Spider Nest)
 36499 | Spider:4 | Noticed Arachne
 36499 | Spider:4 | Noticed Agnes
 36819 | Spider:3 | Killed Agnes
 37018 | Spider:3 | Killed Arachne
 37769 | Spider:4 | Reached skill level 10 in Conjurations
 37769 | Spider:4 | Reached skill level 10 in Hexes
 37769 | Spider:4 | Reached skill level 10 in Summonings
 37769 | Spider:4 | Reached skill level 10 in Necromancy
 37769 | Spider:4 | Reached skill level 10 in Translocations
 37769 | Spider:4 | Reached skill level 10 in Transmutations
 37769 | Spider:4 | Reached skill level 10 in Fire Magic
 37769 | Spider:4 | Reached skill level 10 in Ice Magic
 37769 | Spider:4 | Reached skill level 10 in Air Magic
 37769 | Spider:4 | Reached skill level 10 in Earth Magic
 37769 | Spider:4 | Reached skill level 10 in Poison Magic
 37965 | Spider:4 | Noticed Nikola
 38004 | Spider:4 | Killed Nikola
 38004 | Spider:4 | Received a gift from Okawaru
 38774 | Spider:4 | Received a gift from Okawaru
 38834 | Spider:4 | Got a buzzing battleaxe {god gift}
 39305 | Spider:4 | Reached XP level 18. HP: 136/143 MP: 33/33
 39539 | Spider:4 | Got a gossamer rune of Zot
 39978 | Spider:4 | Upgraded the game from 0.26-a0-631-ged93497179 to
                  | 0.26-a0-638-gcca6ad1b57
 40123 | Shoals:1 | Entered Level 1 of the Shoals
 40143 | Shoals:1 | Received a gift from Okawaru
 40272 | Shoals:1 | Found Tofoig's Jewellery Boutique.
 41429 | Shoals:2 | Noticed Ilsuiw
 41474 | Shoals:2 | Killed Ilsuiw
 41861 | Shoals:2 | Received a gift from Okawaru
 42269 | Shoals:2 | Found the ring of Robustness {AC+8}
 42276 | Shoals:2 | Found a transporter.
 42308 | Shoals:2 | Found a transporter.
 42308 | Shoals:2 | Noticed Veteran's ghost (adept DDFi)
 43528 | Shoals:2 | Killed Veteran's ghost
 43528 | Shoals:2 | Received a gift from Okawaru
 43767 | Shoals:2 | Got an ancient golden ring
 43769 | Shoals:2 | Identified the cursed ring of Sumairyh {rPois Str-3 Int+4
                  | Dex-4 Stlth+} (You found it on level 2 of the Shoals)
 43836 | Shoals:3 | Received a gift from Okawaru
 44098 | Shoals:3 | Found Jiwuinox's Assorted Antiques.
 44136 | Shoals:3 | Reached XP level 19. HP: 59/151 MP: 35/35
 44702 | Shoals:4 | Entered Level 4 of the Shoals
 44726 | Shoals:4 | Received a gift from Okawaru
 44729 | Shoals:4 | Got a brightly glowing helmet {god gift}
 44740 | Shoals:4 | Identified the +0 helmet of the Stone Wall {+Inv rPois
                  | rCorr} (Okawaru gifted it to you on level 4 of the Shoals)
 44837 | Shoals:3 | Got a bloodstained great mace
 44993 | Shoals:4 | Got a faintly glowing hand axe
 45089 | Shoals:4 | Noticed Aizul
 45119 | Shoals:3 | Killed Aizul
 45992 | Shoals:4 | HP: 6/152 [snapping turtle (11)]
 46471 | Shoals:4 | Got a barnacled rune of Zot
 47449 | Lair:1   | Identified the +4 hand axe of Descent {venom, Dex+4 Stlth+}
                  | (You found it on level 4 of the Shoals)
 47520 | Lair:1   | Acquired the ring of Due Proportion {Slay+4 Stlth+}
 47881 | D:14     | Killed Roifouro's ghost
 47915 | D:14     | Received a gift from Okawaru
 47972 | D:14     | Identified the +1 great mace of Satyriasis {vorpal, rC+}
                  | (You found it on level 3 of the Shoals)
 48767 | Elf:1    | Entered Level 1 of the Elven Halls
 48885 | Elf:1    | Received a gift from Okawaru
 50630 | Elf:2    | Received a gift from Okawaru
 50645 | Elf:2    | Reached XP level 20. HP: 142/160 MP: 37/37
 51156 | Elf:2    | Got a spiked scale mail {god gift}
 51199 | Elf:2    | Found a huge runed translucent gate.
 51199 | Elf:2    | Found a huge runed translucent gate.
 51199 | Elf:2    | Found a huge runed translucent gate.
 51199 | Elf:2    | Found a huge runed translucent gate.
 51202 | Elf:2    | Found a huge runed translucent gate.
 51342 | Elf:2    | Found Vucet's Gadget Shoppe.
 51397 | Elf:2    | Bought a wand of digging (8) for 360 gold pieces
 51959 | Elf:3    | Entered Level 3 of the Elven Halls
 52037 | Elf:3    | Found Viptida's Antique Armour Shop.
 52042 | Elf:3    | Found a portal to a secret trove of treasure.
 52684 | Shoals:3 | Identified the +0 scale mail of Beauty {rF+ rN+ Str+2}
                  | (Okawaru gifted it to you on level 2 of the Elven Halls)
 53301 | Elf:3    | You paid a toll of a +7 demon trident to enter a treasure
                  | trove
 53302 | Trove    | Entered a treasure trove
 53339 | Trove    | Got an encrusted falchion
 53340 | Trove    | Identified the +10 falchion "Humeg" {speed, *Corrode +Rage
                  | rF+ Str+2} (You found it in a treasure trove)
 53351 | Trove    | Got an ancient lajatang
 53575 | Elf:3    | Identified the +4 lajatang of Nuguczy {vorpal, *Slow +Rage
                  | Str+4} (You found it in a treasure trove)
 54616 | Elf:3    | Received a gift from Okawaru
 54640 | Elf:3    | Identified the +3 morningstar of the Slashing Fool
                  | {protect, Fragile +Inv rElec rPois}
 54718 | Elf:3    | Identified the +5 dagger "Miak" {vorpal, MR+}
 54752 | Elf:3    | Cast into level 2 of the Abyss (a deep elf sorcerer)
 55035 | Abyss:2  | Received a gift from Okawaru
 55202 | Abyss:3  | Received a gift from Okawaru
 55454 | Abyss:3  | Received a gift from Okawaru
 55617 | Elf:3    | Escaped the Abyss
 55645 | Elf:3    | Identified the cursed +1 short sword "Zeeneahe" {venom,
                  | rPois Int+7}
 55664 | Elf:3    | Identified the +5 dagger "Feokhlacs" {drain, Str+4}
 55671 | Elf:3    | Shot with an arrow by a deep elf master archer

Illustrated notes

Levels and vault maps discovered:
D:1:      erik_arrival_orb_chamber, layout_loops_ring, minmay_pentomino_w4
D:2:      layout_rooms, nemelex_xobeh_ov_fountains_minmay
D:3:      layout_loops_ring, dancing_weapons_uskayaw,
          lemuel_coloured_pillars_altar, cheibrodos_sewer_entry_sluice
D:4:      layout_basic, marbit_many_paths, lemuel_doored_altar,
          nicolae_overflow_crystal_walls, lemuel_round_altar, vehumet_crystals,
          chequers_serial_rivers_micro_e, kennysheep_small_spiral
D:5:      layout_rooms, basic_altar, elyvilon_altar_5, uniq_duvessa,
          uniq_grinder
D:6:      layout_loops_ring, minmay_misc_feat_cross, minivault_11,
          serial_park_tiny_2
D:7:      cheibrodos_iron_armory, layout_basic, lemuel_crystal_altar,
          minmay_temple_entry_ruins, serial_bayou, serial_bayou_lagoon_a,
          serial_bayou_pond_b, serial_bayou_pond_b, serial_bayou_ford_a,
          serial_bayou_crossing, serial_bayou_pond_c, basic_altar,
          nrook_mini_backslash
D:8:      kennysheep_orc_sif_temple, layout_loops_corners, zin_statuary,
          lair_entry_dummy
D:9:      hangedman_screamer, layout_loops_corners, serial_shops,
          nicolae_shop_overgrown_old_shop, minmay_misc_feat_enclosed,
          kennysheep_generic_room_5, uniq_psyche
D:10:     minmay_goldmine, layout_loops_ring
D:11:     layout_roguey, zombieorc2_lemuel
D:12:     layout_irregular_city, minivault_26, grunt_qazlal_clouds
D:13:     layout_loops_corners, erik_vaults_2
D:14:     layout_layer_cave, minivault_23, gammafunk_ghost_necromancy
D:15:     hangedman_depths_entry_civil_slaughter, layout_cave_pods,
          minmay_misc_feat_secret_circle, yredelemnul_altar_generic, uniq_azrael
Lair:1:   layout_big_grid, portal_ice_cave_entry_pillars_1, lemuel_fruit_tree,
          lemuel_fruit_fields
Lair:2:   layout_hall_layers, gammafunk_ghost_grave, serial_bayou_shore_b
Lair:3:   layout_hall_layers, nicolae_spider_entry_tight_spaces,
          enter_volcano_1, beast_lair_carwin_9, grunt_megastairs_1,
          lemuel_fruit_fields, serial_bayou_shore_b
Lair:4:   layout_cellular_growth, minmay_shoals_entry_hut
Lair:5:   layout_gridlike, minmay_lair_oklob_chamber, serial_bayou_shore_b,
          serial_bayou_shore_a
Lair:6:   grunt_lair_end_beastmaster, layout_cellular_growth,
          minmay_slime_entry_oklob_open, kennysheep_basilisk_garden
Shoals:1: layout_shoals, serial_shops, shop
Shoals:2: layout_shoals, gammafunk_ghost_arena, uniq_ilsuiw
Shoals:3: layout_shoals, serial_shops, shop
Shoals:4: shoals_end_simple, layout_shoals, uniq_aizul
Spider:1: layout_spider_delve, zaba_antful_of_joy
Spider:2: layout_spider_delve
Spider:3: layout_spider_delve, nicolae_orb_island
Spider:4: guppyfry_spider_rune, nicolae_arachne_temple, uniq_nikola, uniq_agnes
Orc:1:    layout_caves, serial_shops, shop, trog_book
Orc:2:    grunt_orc_community_town_hall, layout_caves,
          grunt_orc_community_big_house_1, grunt_orc_community_big_house_2,
          grunt_orc_community_house_2, grunt_orc_community_house_2,
          grunt_orc_community_house_3, grunt_orc_community_house_2,
          grunt_orc_community_house_3
Elf:1:    eino_elf_arrival_sip, layout_geoelf_octagon, hangedman_elf_represent
Elf:2:    layout_onion_city, serial_shops, shop
Elf:3:    minmay_elf_hall_spiked, layout_geoelf_grid, enter_trove_1,
          serial_shops, shop, kb_rosetta

Skill      XL: |  1  2  3  4  5  6  7  8  9 10 11 12 13 14 15 16 17 18 19 20 |
---------------+-------------------------------------------------------------+-----
Invocations    | 1 2 3 4 5 6 7 8 9 10 11 12 13 14 | 14.6
Short Blades   | 1 2 3 4 5 6 7 8 9 10 11 12 13 | 13.6
Axes           | 1 2 3 4 5 6 7 8 9 10 11 12 13 | 13.6
Maces & Flails | 1 2 3 4 5 6 7 8 9 10 11 12 13 | 13.6
Polearms       | 1 2 3 4 5 6 7 8 9 10 11 12 13 | 13.6
Staves         | 1 2 3 4 5 6 7 8 9 10 11 12 13 | 13.6
Slings         | 1 2 3 4 5 6 7 8 9 10 11 12 13 | 13.6
Bows           | 1 2 3 4 5 6 7 8 9 10 11 12 13 | 13.6
Crossbows      | 1 2 3 4 5 6 7 8 9 10 11 12 13 | 13.6
Throwing       | 1 2 3 4 5 6 7 8 9 10 11 12 13 | 13.6
Dodging        | 1 2 3 4 5 6 7 8 9 10 11 12 13 | 13.6
Stealth        | 1 2 3 4 5 6 7 8 9 10 11 12 13 | 13.6
Unarmed Combat | 1 2 3 4 5 6 7 8 9 10 11 12 13 | 13.6
Spellcasting   | 1 2 3 4 5 6 7 8 9 10 11 12 13 | 13.6
Evocations     | 1 2 3 4 5 6 7 8 9 10 11 12 13 | 13.6
Conjurations   | 1 2 3 4 5 6 7 8 9 10 11 | 11.7
Hexes          | 1 2 3 4 5 6 7 8 9 10 11 | 11.7
Summonings     | 1 2 3 4 5 6 7 8 9 10 11 | 11.7
Necromancy     | 1 2 3 4 5 6 7 8 9 10 11 | 11.7
Translocations | 1 2 3 4 5 6 7 8 9 10 11 | 11.7
Transmutations | 1 2 3 4 5 6 7 8 9 10 11 | 11.7
Fire Magic     | 1 2 3 4 5 6 7 8 9 10 11 | 11.7
Ice Magic      | 1 2 3 4 5 6 7 8 9 10 11 | 11.7
Air Magic      | 1 2 3 4 5 6 7 8 9 10 11 | 11.7
Earth Magic    | 1 2 3 4 5 6 7 8 9 10 11 | 11.7
Poison Magic   | 1 2 3 4 5 6 7 8 9 10 11 | 11.7
Long Blades    | 5 6 7 8 9 10 11 12 13 14 | 14.2
Fighting       | 7 8 9 10 11 12 13 14 | 14.8
Armour         | 7 8 9 10 11 12 13 14 | 14.8
Shields        | 7 8 9 10 11 12 13 14 | 14.8

Action                   |  1- 3 |  4- 6 |  7- 9 | 10-12 | 13-15 | 16-18 | 19-21 || total
-------------------------+-------+-------+-------+-------+-------+-------+-------++-------
Melee: Long sword        |   101 |   149 |   480 |   196 |  1621 |  2072 |  1391 ||  6010
       Bite              |    11 |    17 |    71 |   181 |   386 |   536 |   290 ||  1492
       Scimitar          |       |       |       |   355 |     4 |    11 |       ||   370
       Falchion          |       |       |       |   428 |    27 |       |       ||   455
       Broad axe         |       |       |       |       |    19 |       |       ||    19
       Unarmed           |       |       |       |       |       |       |     1 ||     1
Invok: Heroism           |       |       |     1 |    20 |    10 |    21 |     7 ||    59
Evoke: Wand              |       |       |     5 |     3 |     4 |     8 |     5 ||    25
  Use: Scroll            |       |       |     7 |    16 |    11 |    16 |    13 ||    63
       Potion            |       |       |     1 |     3 |     3 |     6 |    10 ||    23
 Stab: Held in net/web   |       |       |       |       |       |     1 |       ||     1
       Distracted        |       |       |       |       |       |       |     1 ||     1
       Petrifying        |       |       |       |       |       |       |     1 ||     1
Armor: Scale mail        |    35 |    78 |    42 |       |       |       |       ||   155
       Plate armour      |       |       |   173 |   372 |       |       |       ||   545
       Crystal plate arm |       |       |       |       |   626 |  1320 |   557 ||  2503
       Swamp dragon scal |       |       |       |       |       |    23 |       ||    23
Dodge: Dodged            |    30 |    78 |   135 |   308 |   425 |  1268 |   466 ||  2710
Block: Kite shield       |    62 |    90 |   311 |   612 |  1045 |  1928 |   751 ||  4799
       Reflection        |       |       |       |       |     2 |    54 |    66 ||   122
       Rpst.: Long sword |     8 |    24 |    43 |    15 |   104 |   203 |    98 ||   495
       Scimitar          |       |       |       |    17 |     1 |       |       ||    18
       Falchion          |       |       |       |    57 |       |       |       ||    57

Table legend: (Time is in decaauts)
 A = Elapsed time spent in this place.
 B = Non-inter-level travel time spent in this place.
 C = Inter-level travel time spent in this place.
 D = Time resting spent in this place.
 E = Time spent auto-exploring this place.
 F = Levels seen in this place.
 G = Mean time per level.
                   A        B        C        D        E       F      G
               +--------+--------+--------+--------+--------+-----+--------+
         Total |  54245 |  50447 |   3798 |   8953 |  25776 |  40 | 1356.1 |
       Dungeon |  19045 |  17102 |   1943 |   1408 |  10747 |  15 | 1269.7 |
          Lair |  10191 |   9070 |   1121 |   1146 |   4951 |   6 | 1698.5 |
        Shoals |   7705 |   7389 |    316 |   1941 |   3044 |   4 | 1926.2 |
   Spider Nest |   7593 |   7447 |    146 |   2636 |   3224 |   4 | 1898.2 |
  Orcish Mines |   2676 |   2600 |     76 |    389 |   1292 |   2 | 1338.0 |
   Elven Halls |   4709 |   4515 |    194 |    835 |   1852 |   3 | 1569.7 |
         Abyss |    763 |    763 |      0 |      1 |    424 |   2 |  381.5 |
         Trove |     73 |     73 |      0 |      0 |      0 |   1 |   73.0 |
         Sewer |    383 |    383 |      0 |      0 |    142 |   1 |  383.0 |
      Ice Cave |    286 |    286 |      0 |    160 |      0 |   1 |  286.0 |
       Volcano |    817 |    817 |      0 |    436 |     98 |   1 |  817.0 |
               +--------+--------+--------+--------+--------+-----+--------+

Top non-repeatable levels by time:
Spider:4: 2613 daAuts
     D:9: 2556 daAuts
Spider:3: 2540 daAuts
Shoals:3: 2236 daAuts
Shoals:2: 2209 daAuts
  Lair:5: 2177 daAuts
     D:7: 1995 daAuts
   Elf:1: 1986 daAuts
  Lair:6: 1978 daAuts
     D:8: 1945 daAuts
    D:10: 1943 daAuts
Shoals:1: 1799 daAuts
  Lair:1: 1775 daAuts
Spider:1: 1772 daAuts
   Orc:2: 1708 daAuts
